 Dungeon Crawl Stone Soup version 0.16.0-6-gad6103a (console) character file.

15684 gw the Basher (level 12, -1/109 HPs)
             Began as a Deep Dwarf Fighter on Mar 15, 2015.
             Slain by a spiny frog (7 damage)
             ... summoned by a shadow trap
             ... triggered by an elephant
             ... on level 2 of the Lair of Beasts.
             The game lasted 00:24:49 (12438 turns).

gw the Basher (Deep Dwarf Fighter)                 Turns: 12438, Time: 00:24:49

Health: -1/109     AC: 17    Str: 20 (21) XL:     12   Next: 3%
Magic:  0/0        EV:  5    Int:  9      God:
Gold:   577        SH: 13    Dex: 16      Spells: 0 memorised, 11 levels left

rFire  . . .     SeeInvis .     b - +3 morningstar
rCold  . . .     Clarity  .     B - +0 plate armour
rNeg   . . .     SustAb   .     c - +1 shield
rPois  .         Gourm    .     (no helmet)
rElec  .         Spirit   .     (no cloak)
rCorr  .         Warding  .     w - +2 pair of gloves
rMut   .         Stasis   .     (no boots)
MR     +....                    (no amulet)
Stlth  ..........               (no ring)
                                (no ring)

@: lethally poisoned (-1 -> -2), non-regenerating, somewhat resistant to hostile
enchantments, extremely unstealthy
A: damage resistance, recharge devices, sense surroundings 2, slow healing 3
a: Device Recharging


You were on level 2 of the Lair of Beasts.
You were hungry.

You visited 3 branches of the dungeon, and saw 14 of its levels.
You also visited: Sewer and Ice Cave.

You collected 577 gold pieces.

Inventory:

Hand weapons
 b - a +3 morningstar (weapon)
Missiles
 e - 37 poisoned needles
 i - 355 stones (quivered)
 p - 7 needles of slowing
Armour
 c - a +1 shield (worn)
 w - a +2 pair of gloves (worn)
 B - a +0 plate armour (worn)
Magical devices
 d - a wand of heal wounds (0)
 h - a wand of polymorph (11)
 u - a wand of slowing (34)
 A - a wand of magic darts (21)
 C - a wand of magic darts (9)
Scrolls
 j - 4 scrolls of remove curse
 k - 15 scrolls of identify
 m - 2 scrolls of fog
Potions
 g - 2 potions of restore abilities
 n - 2 potions of magic
 t - 2 potions of resistance
 v - 3 potions of curing
 z - a potion of ambrosia
Comestibles
 a - a royal jelly
 f - 6 bread rations
 l - 4 beef jerkies
 q - 5 meat rations
 r - 3 slices of pizza
 x - 4 fruits


   Skills:
 + Level 7.6 Fighting
 * Level 11.4 Maces & Flails
 + Level 7.7 Throwing
 + Level 9.4 Armour
 + Level 9.6 Shields


You had 11 spell levels left.
You didn't know any spells.

Dungeon Overview and Level Annotations

Branches:
Dungeon (11/15)            Temple (1/1) D:5            Lair (2/8) D:10
    Orc (0/4) D:11

Altars:
Ashenzari
Cheibriados
Dithmenos
Elyvilon
Fedhas
Gozag
Kikubaaqudgha
Makhleb
Nemelex Xobeh
Okawaru
Qazlal
Ru
Sif Muna
Trog
Vehumet
Xom
Yredelemnul
Zin
The Shining One

Shops:
D:4 %   D:6 *

Annotations:
D:3 exclusion: downstairs


Innate Abilities, Weirdness & Mutations

You are resistant to damage.
You can recharge devices by infusing magical energy.
You passively map the area around you.
You do not heal naturally.


Message History

Unknown command.
Unknown command.
Unknown command.
ATTACKING (1,-1)
You puncture the elephant!
You kill the elephant!
The spiny frog stings you!!
You are poisoned.
The spiny frog poisons you! You block the giant frog's attack.
Unknown command.
Unknown command.
Unknown command.
Unknown command.
ATTACKING (1,-1)
You hit the giant frog!
The giant frog is heavily wounded.
You feel sick. You block the spiny frog's attack.
The giant frog hits you but does no damage.
The spiny frog stings you!
You die...

.#..#P#..........## #P....#
...#......#####..# #P...####
Y..##..##.### #P##
#.PYP##.####
.P..#...##Y.#####
###Y...###.# .#P....(.#....##
#....?...# .#..##.#...#...##
#..###.###
.....#......###.###
####...####
...........#..#.%F###..<.##.#
.###.####YY.####gFY......P###
...#...#Y...#######..#.....##
....##....#...# ####......# ,
..#..YP.#....## ###..##.#....
....#...#....# #....######..
........###..## ###.).P# *.,
.....#.##..#.P# #....###
.......###...#####.#### *
....PY.......###..## *


You could see an elephant, a spiny frog and a giant frog.

Table legend:
 A = Turns spent in this place as a percentage of turns spent in the entire game.
 B = Non-inter-level travel turns spent in this place as a percentage of non-inter-level travel turns spent in the entire game.
 C = Inter-level travel turns spent in this place as a percentage of turns spent in this place.
 D = Turns resting spent in this place as a percentage of non-inter-level travel turns spent in this place.
 E = Turns spent auto-exploring this place as a percentage of non-inter-level travel turns spent in this place.
 F = Non-inter-level travel turns spent in this place divided by the number of levels of this place that you've seen.
                   A       B       C       D       E      F
               +-------+-------+-------+-------+-------+----------------------
         Total | 100.0 | 100.0 |   0.4 |   0.1 |   2.1 | 1751.6
       Dungeon |  84.5 |  84.5 |   0.4 |   0.1 |   2.1 | 2153.6
        Temple |   1.2 |   1.2 |   0.6 |   0.0 |   4.4 | 341.0
          Lair |  11.1 |  11.1 |   0.4 |   0.0 |   1.7 | 1558.0
         Sewer |   2.5 |   2.5 |   0.0 |   0.0 |   2.8 | 707.0
      Ice Cave |   0.6 |   0.6 |   0.0 |   0.0 |   0.0 | 172.0
               +-------+-------+-------+-------+-------+----------------------

Table legend:
 A = Kills in this place as a percentage of kills in entire the game.
 B = Kills by you in this place as a percentage of kills by you in the entire game.
 C = Kills by friends in this place as a percentage of kills by friends in the entire game.
 D = Other kills in this place as a percentage of other kills in the entire game.
 E = Experience gained in this place as a percentage of experience gained in the entire game.
 F = Experience gained in this place divided by the number of levels of this place that you have seen.
                   A       B       C       D       E      F
               +-------+-------+-------+-------+-------+----------------------
         Total | 100.0 | 100.0 |  -nan |  -nan | 100.0 | 1400.4
       Dungeon |  84.2 |  84.2 |  -nan |  -nan |  70.3 | 1431.0
          Lair |  10.1 |  10.1 |  -nan |  -nan |  27.2 | 3052.0
         Sewer |   4.5 |   4.5 |  -nan |  -nan |   0.1 |  28.0
      Ice Cave |   1.1 |   1.1 |  -nan |  -nan |   2.4 | 533.0
               +-------+-------+-------+-------+-------+----------------------

Vanquished Creatures
  2 cyclopes (D:11)
  4 elephants (Lair:2)
  The ghost of jestert79 the Conjurer, an experienced OpCj of Gozag (D:6)
  4 spiny frogs
  A komodo dragon (Lair:1)
  2 centaur skeletons
  3 trolls
  A merfolk (D:11)
  3 blink frogs (Lair:2)
  11 yaks
  2 deep elf magi
  A trapdoor spider (D:10)
  Eustachio (D:8)
  Grum (D:8)
  3 hippogriffs
  2 wolves (D:8)
  5 water moccasins
  3 hungry ghosts
  A porcupine (Lair:2)
  A sky beast (D:8)
  2 black bears
  5 ogres
  3 orc warriors
  2 wasps
  9 centaurs
  7 ice beasts
  5 crocodiles
  2 phantoms
  A big kobold (D:11)
  Blork the orc (D:8)
  7 giant frogs
  5 scorpions
  20 killer bees
  8 wights
  2 goliath beetles
  2 crimson imps
  8 hounds
  A giant frog zombie (D:7)
  3 orc priests
  10 orc wizards
  A giant frog skeleton (D:11)
  3 iguanas
  4 jellies
  8 worker ants
  3 sheep (D:11)
  Jessica (D:2)
  A hound zombie (D:10)
  2 hound skeletons
  2 worker ant zombies
  14 adders
  3 gnolls (D:6)
  8 river rats (Lair:1)
  2 shadow imps
  3 white imps (D:8)
  A worm (D:4)
  11 giant geckos
  34 orcs
  18 bats
  A bat zombie (D:7)
  7 giant cockroaches
  5 goblins
  11 hobgoblins
  17 jackals
  An ooze (D:1)
  8 quokkas
  3 ball pythons
  4 giant newts
  A jackal skeleton (D:4)
  19 kobolds
  An orc zombie (D:9)
  A quokka skeleton (D:5)
  11 rats
  2 ballistomycetes (D:9)
366 creatures vanquished.

Vanquished Creatures (others)
  An iguana (D:9)
  A giant gecko zombie (D:9)
  A giant spore (D:9)
  A fungus (Lair:2)
  A plant (Lair:2)
5 creatures vanquished.

Grand Total: 371 creatures vanquished

Notes
Turn   | Place    | Note
--------------------------------------------------------------
     0 | D:1      | gw, the Deep Dwarf Fighter, began the quest for the Orb.
     0 | D:1      | Reached XP level 1. HP: 20/20 MP: 1/1
   263 | D:1      | Reached XP level 2. HP: 24/27 MP: 2/2
   930 | D:2      | Noticed Jessica
   933 | D:2      | Killed Jessica
   933 | D:2      | Reached XP level 3. HP: 33/33 MP: 3/3
   939 | D:2      | Found a burning altar of Makhleb.
   945 | D:2      | Found a radiant altar of Vehumet.
   970 | D:2      | You fall through a shaft for 2 floors!
   973 | D:4      | Found an opulent altar of Gozag.
  1035 | D:4      | Reached skill level 1 in Throwing
  1035 | D:4      | Reached XP level 4. HP: 40/40 MP: 4/4
  1051 | D:4      | Reached skill level 4 in Armour
  1343 | D:4      | Reached XP level 5. HP: 47/49 MP: 5/5
  1724 | D:4      | Found a blossoming altar of Fedhas.
  1742 | D:4      | Noticed a phantom
  2276 | D:3      | Found a stormy altar of Qazlal.
  2553 | D:4      | Found Nymeotuwn's Food Shoppe.
  2796 | D:5      | Entered Level 5 of the Dungeon
  2825 | D:5      | Noticed an ogre
  2827 | D:5      | Killed an ogre
  2827 | D:5      | Reached XP level 6. HP: 56/56 MP: 6/6
  3032 | D:5      | Found a sacrificial altar of Ru.
  3249 | D:5      | Noticed a phantom
  3270 | D:5      | Killed a phantom
  3650 | D:5      | Reached XP level 7. HP: 53/63 MP: 7/7
  3800 | D:5      | Found a staircase to the Ecumenical Temple.
  3806 | Temple   | Entered the Ecumenical Temple
  4201 | D:6      | Reached skill level 5 in Maces & Flails
  4287 | D:6      | Reached skill level 5 in Armour
  4367 | D:6      | Reached skill level 5 in Shields
  4506 | D:6      | Noticed jestert79's ghost (experienced OpCj)
  4522 | D:6      | Killed jestert79's ghost
  4522 | D:6      | Reached XP level 8. HP: 23/73 MP: 8/8
  4523 | D:6      | Reached skill level 6 in Maces & Flails
  4708 | D:6      | Found a glowing drain.
  4750 | Sewer    | Entered a sewer
  5228 | D:6      | Found Tuif's Assorted Antiques.
  5461 | D:6      | Found a snail-covered altar of Cheibriados.
  5849 | D:7      | Reached skill level 7 in Maces & Flails
  6001 | D:7      | Reached skill level 5 in Fighting
  6001 | D:7      | Gained mutation: You passively map the area around you. [level up]
  6001 | D:7      | Reached XP level 9. HP: 62/81 MP: 8/8
  6189 | D:7      | Found a glowing silver altar of Zin.
  6321 | D:8      | Noticed Grum
  6470 | D:8      | Reached skill level 8 in Maces & Flails
  6500 | D:8      | Found an iron altar of Okawaru.
  6521 | D:8      | Killed Grum
  6698 | D:8      | Noticed Blork the orc
  6710 | D:8      | Killed Blork the orc
  7002 | D:8      | Noticed Eustachio
  7060 | D:8      | Found a bloodstained altar of Trog.
  7409 | D:8      | Killed Eustachio
  7430 | D:8      | Reached skill level 5 in Throwing
  7439 | D:8      | Reached XP level 10. HP: 48/91 MP: 8/8
  8013 | D:9      | Reached skill level 9 in Maces & Flails
  8309 | D:10     | Entered Level 10 of the Dungeon
  8376 | D:10     | Found a staircase to the Lair.
  9541 | D:11     | Noticed a cyclops
  9557 | D:11     | Killed a cyclops
  9557 | D:11     | Reached skill level 10 in Maces & Flails
  9664 | D:11     | Reached XP level 11. HP: 54/99 MP: 6/6
 10327 | D:11     | Noticed a cyclops
 10332 | D:11     | Killed a cyclops
 10362 | D:11     | Found a staircase to the Orcish Mines.
 10815 | Lair:1   | Entered Level 1 of the Lair of Beasts
 11318 | Lair:1   | Reached skill level 11 in Maces & Flails
 12115 | Lair:2   | Found a frozen archway.
 12124 | IceCv    | Entered an ice cave
 12404 | Lair:2   | Reached XP level 12. HP: 68/109 MP: 1/1
 12438 | Lair:2   | Slain by a spiny frog

Action                   |  1- 3 |  4- 6 |  7- 9 | 10-12 || total
-------------------------+-------+-------+-------+-------++-------
Melee: Flail             |    62 |   147 |   297 |    84 ||   590
       Morningstar       |       |       |       |   395 ||   395
Throw: Stone             |    49 |    60 |       |    98 ||   207
       Tomahawk          |       |    69 |   142 |   121 ||   332
 Abil: Device Recharging |       |       |     2 |    10 ||    12
Evoke: Wand              |       |     1 |    11 |    60 ||    72
  Use: Potion            |     6 |     5 |    11 |     7 ||    29
       Scroll            |     4 |     4 |     9 |    14 ||    31
  Eat: Chunk             |       |    10 |     9 |    17 ||    36
       Bread ration      |       |       |     1 |       ||     1

Vault maps used:
D:1:      saegor_arrival_simple_a
D:2:      minitemple, uniq_jessica
D:3:      grunt_qazlal_clouds
D:4:      kennysheep_little_box, first_bread, serial_shops, shop, fedhas_altar_4
D:5:      hangedman_ru_absence, minmay_temple_entry_enclosed_plants,
          minmay_fountain_box, roderic_lattice_a
D:6:      kennysheep_mini, gup_sewer_entry_glass, serial_shops, shop
D:7:      zin_statuary
D:8:      lemuel_coloured_pillars_altar, overflow_temple_1_default,
          uniq_eustachio, uniq_blork_the_orc, uniq_grum
D:10:     minmay_cut_squares, dpeg_lair_monsters
D:11:     orc_0_dummy, hangedman_fish_farm
Temple:   triangle_lava_temple_11
Lair:2:   lightli_volcano_entry_magma_tube, portal_ice_cave_entry_pillars_01
Sewer:    sewer_fruit_machine
IceCv:    ice_cave_statue_garden_01
